cohdb
Replays
Latest Replays
All Replays
Popular Replays
Top Player Replays
Match Explorer
How It Works
Community
CoH3 Stats
Reddit
Sign in to upload your games and track your stats! →
Sign in with Steam
Match 44217262
Unlisted
Match 44217262
Overview
Messages
Build Orders
End
Construct Infanterie Kompanie
Selects Luftwaffe Battlegroup
Selects Luftwaffe Pioneer Support
Grenadier Squad
Grenadier Squad
Grenadier Squad
Grenadier Squad
Grenadier Squad
Construct Luftwaffe Kompanie
Selects Reconnaissance Run
Selects Fallschirmjäger Squad Paradrop
Medical Bunker
Flak 30 Anti-aircraft Gun Team
Selects LG40 Recoilless Gun Paradrop
Infanterie Officer Quarters
Fallschirmjäger Squad Paradrop
Luftwaffe Officer Quarters
Selects Fragmentation Bombs
Construct Panzer Kompanie
MähnGiL
Barbarossa
Esxile
??? : blob more zzzz
0
0
Comments
sign in to comment!
No comments posted yet!